 Dungeon Crawl Stone Soup version 0.25.0-11-g1f837a76a1 (webtiles) character file.

Game seed: 14603713324497643492

(classic levelgen) 59 EnegeticOcto the Covered (level 3, -5/34 HPs)
             Began as a Deep Dwarf Fighter on June 27, 2020.
             Slain by an iguana (7 damage)
             ... on level 4 of the Dungeon.
             The game lasted 00:01:01 (481 turns).

EnegeticOcto the Covered (Deep Dwarf Fighter)        Turns: 481, Time: 00:01:01

Health: -5/34      AC:  7    Str: 20    XL:     3   Next: 78%
Magic:  0/0        EV:  7    Int:  8    God:
Gold:   93         SH:  9    Dex: 12    Spells: 2/2 levels left

rFire    . . .     SeeInvis .   a - +0 war axe
rCold    . . .     Gourm    .   c - +0 kite shield
rNeg     . . .     Faith    .   b - +0 scale mail
rPois    .         Spirit   .   (no helmet)
rElec    .         Reflect  .   (no cloak)
rCorr    .         Harm     .   (no gloves)
MR       .....                  (no boots)
Stlth    ..........             (no amulet)
HPRegen  0.00/turn              (no ring)
MPRegen  0.07/turn              (no ring)

@: mighty, non-regenerating, very slow
A: damage resistance, heal wounds, sense surroundings 1, no regeneration
a: Heal Wounds


You were on level 4 of the Dungeon.
You were not hungry.

You visited 1 branch of the dungeon, and saw 4 of its levels.

You collected 93 gold pieces.

Inventory:

Hand Weapons
 a - a +0 war axe (weapon)
Armour
 b - a +0 scale mail (worn)
 c - a +0 kite shield (worn)
Scrolls
 g - a scroll of identify {unknown}
 m - a scroll of noise {unknown}
Potions
 h - a potion of flight {unknown}
 i - a potion of invisibility {unknown}
 j - a potion of ambrosia {unknown}
 l - a potion of curing {unknown}
 n - a potion of berserk rage {unknown}
 o - a potion of mutation {unknown}
Comestibles
 e - 2 rations
 f - 4 chunks of flesh


   Skills:
 + Level 3.0 Fighting
 * Level 3.3 Axes
 + Level 3.7 Armour
 + Level 3.7 Shields


You had 2 spell levels left.
You didn't know any spells.
Your spell library was empty.

Dungeon Overview and Level Annotations

Branches:
Dungeon (4/15)
 Temple: D:4-7

Altars:
Cheibriados


Innate Abilities, Weirdness & Mutations

You are resistant to damage.
You can heal yourself by infusing magical energy.
You passively map a small area around you.
You do not regenerate.


Message History

You miss the adder. The hound skeleton closely misses you.
The adder bites you but does no damage. x2
You hit the adder but do no damage.
The adder is lightly wounded.
Your shield prevents you from hitting the iguana.
The adder bites you but does no damage. You block the iguana's attack.
You block the adder's attack.
You miss the adder.
The adder is lightly wounded.
You closely miss the iguana. The adder bites you but does no damage.
The iguana bites you! The hound skeleton bites you.
You block the adder's attack. The iguana bites you!
You are too injured to fight recklessly!
You are too injured to fight recklessly!
You are too injured to fight recklessly!
You are too injured to fight recklessly!
You are too injured to fight recklessly!
You are too injured to fight recklessly!
You are too injured to fight recklessly!
You are too injured to fight recklessly!
Your magical essence is drained by the effort!
You feel much better. The hound skeleton barely misses you.
You block the adder's attack. The iguana bites you!
You hit the hound skeleton.
The hound skeleton is heavily damaged.
You hit the iguana. You barely miss the adder.
You block the hound skeleton's attack. The adder bites you.
The hound skeleton closely misses you. The adder bites you but does no damage.
The iguana bites you!
You are too injured to fight recklessly!
You are too injured to fight recklessly!
You are too injured to fight recklessly!
You are too injured to fight recklessly!
You are too injured to fight recklessly!
You are too injured to fight recklessly!
You are too injured to fight recklessly!
You are too injured to fight recklessly!
You are too injured to fight recklessly!
You are too injured to fight recklessly!
You are too injured to fight recklessly!
You are too injured to fight recklessly!
You are too injured to fight recklessly!
You are too injured to fight recklessly!
You hit the adder.
The adder is heavily wounded.
You hit the hound skeleton. You hit the iguana.
The hound skeleton barely misses you. You block the adder's attack.
The iguana bites you but does no damage.
You block the hound skeleton's attack. You block the adder's attack.
You block the iguana's attack.
You barely miss the adder.
The adder is heavily wounded.
You hit the iguana but do no damage. You hit the hound skeleton.
You destroy the hound skeleton!
The adder bites you but does no damage. You block the iguana's attack.
You block the adder's attack.
You barely miss the adder.
The adder is heavily wounded.
You closely miss the iguana. The adder bites you but does no damage.
The iguana bites you but does no damage.
The adder bites you but does no damage. The iguana bites you.
You slash the adder!
You kill the adder!
You barely miss the iguana. You block the iguana's attack.
You barely miss the iguana.
The iguana is moderately wounded.
The iguana bites you!
* * * LOW HITPOINT WARNING * * *
The iguana bites you but does no damage.
Your shield and scale mail prevent you from hitting the iguana.
The iguana is moderately wounded.
You block the iguana's attack.
You closely miss the iguana.
The iguana is moderately wounded.
The iguana bites you but does no damage.
You block the iguana's attack.
Really quaff
d - a potion of might {@q3 !q}? [Y]es or [N]o only, please.
Really quaff
d - a potion of might {@q3 !q}?
You feel very mighty all of a sudden.
The iguana bites you but does no damage.
Your shield and scale mail prevent you from hitting the iguana.
The iguana is moderately wounded.
You block the iguana's attack.
You closely miss the iguana.
The iguana is moderately wounded.
You block the iguana's attack. The iguana barely misses you.
You hit the iguana.
The iguana is moderately wounded.
The iguana barely misses you.
You hit the iguana.
The iguana is heavily wounded.
The iguana bites you.
* * * LOW HITPOINT WARNING * * *
You closely miss the iguana.
The iguana is heavily wounded.
The iguana bites you.
* * * LOW HITPOINT WARNING * * *
The iguana bites you!
You die...

[.....#.##...#.....#.....
....<.####..####......#,
......# #.#####.##...###
* , ......#
#...≈≈≈.....##.## ......#
#..≈≈≈≈≈##......., *
......#*
#..≈≈.≈≈_#....... ,,
.......#
##.≈≈≈≈≈##.......
.......#
#..≈≈≈..........,*
#..##... ####..@l.†......
..# * #............ , ,##
.............[.. ,
####............
#............
##.#.........,, **
#.#........$ *
#.....####.. , , , *


You could see an iguana.

Vanquished Creatures
  A hound skeleton (D:4)
  3 adders
  A worm (D:3)
  A dart slug (D:4)
  2 bats
  2 giant cockroaches
  2 hobgoblins
  A quokka (D:3)
  2 kobolds (D:2)
  2 rats (D:3)
17 creatures vanquished.

Notes
Turn   | Place    | Note
-------+----------+-------------------------------------------
     0 | D:1      | EnegeticOcto the Deep Dwarf Fighter began the quest for the
                  | Orb.
     0 | D:1      | Reached XP level 1. HP: 20/20 MP: 1/1
   130 | D:2      | Reached XP level 2. HP: 27/27 MP: 2/2
   238 | D:3      | Your magical essence is drained by the effort!
   338 | D:4      | Reached skill level 3 in Axes
   338 | D:4      | Reached XP level 3. HP: 28/33 MP: 2/2
   393 | D:4      | Your magical essence is drained by the effort!
   418 | D:4      | Got a translucent trident
   419 | D:4      | Identified the cursed +3 trident "Dorralel" {flame, +Fly
                  | MR- Dex+5} (You found it on level 4 of the Dungeon)
   431 | D:4      | Found a snail-covered altar of Cheibriados.
   436 | D:4      | Reached skill level 3 in Fighting
   444 | D:4      | Became a worshipper of Cheibriados the Contemplative
   445 | D:4      | Fell from the grace of Cheibriados
   465 | D:4      | Your magical essence is drained by the effort!
   481 | D:4      | Slain by an iguana

Illustrated notes

Levels and vault maps discovered:
D:1:      minmay_arrival_hallway, layout_basic
D:2:      layout_loops_ring, minivault_26
D:3:      layout_rooms, first_ration
D:4:      layout_cave_pools, xom_teletrap_fun, kennysheep_slug_shrine

Skill      XL: |  1  2  3 |
---------------+----------+-----
Axes           | 3 |  3.3
Fighting       | 3 |  3.0
Armour         | |  3.7
Shields        | |  3.7

Action                   || total
-------------------------++-------
Melee: War axe           ||    89
Invok: Renounce Religion ||     1
 Abil: Heal Wounds       ||     3
  Use: Scroll            ||     2
       Potion            ||     1
Armor: Scale mail        ||    51
Dodge: Dodged            ||    35
Block: Kite shield       ||    57
